 Dungeon Crawl Stone Soup version 0.28-a0-1382-g92835e5c71 (webtiles) character file.

Game seed: 12098850411946747504

136 YayAnonymity the Shooter (level 4, 0/33 HPs)
             Began as a Demonspawn Hunter on Jan 1, 2022.
             Slain by Edmund (7 damage)
             ... on level 3 of the Dungeon.
             The game lasted 00:09:24 (5176 turns).

YayAnonymity the Shooter (Demonspawn Hunter)        Turns: 5176, Time: 00:09:25

Health: 0/33       AC:  5    Str: 14    XL:     4   Next: 98%
Magic:  4/4        EV: 11    Int: 13    God:
Gold:   230        SH:  0    Dex: 13    Spells: 3/3 levels left

rFire   . . .      SeeInvis .   b - +2 mace (venom)
rCold   . . .      Faith    .   (no shield)
rNeg    . . .      Spirit   .   c - +0 leather armour
rPois   .          Reflect  .   (no helmet)
rElec   .          Harm     .   (no cloak)
rCorr   .          Rampage  .   (no gloves)
Will    .....                   (no boots)
Stlth   ++........              (no amulet)
HPRegen 0.11/turn               (no ring)
MPRegen 0.09/turn               (no ring)

@: no status effects
A: thin metallic scales 1
a: no special abilities


You were on level 3 of the Dungeon.
You visited 1 branch of the dungeon, and saw 4 of its levels.

You collected 230 gold pieces.

Inventory:

Hand Weapons
 a - a +1 shortbow
 b - a +2 mace of venom (weapon)
Missiles
 d - 47 arrows
 m - 2 silver javelins (quivered)
Armour
 c - a +0 leather armour (worn)
Scrolls
 e - 6 scrolls of teleportation
 f - a scroll of summoning
 j - a scroll of immolation {unknown}
 k - a scroll of magic mapping {unknown}
 n - a scroll of amnesia {unknown}
Potions
 g - a potion of flight {unknown}
 h - a potion of ambrosia
 i - a potion of berserk rage
 l - 2 potions of curing
 o - a potion of brilliance {unknown}


   Skills:
 - Level 2.0 Fighting
 + Level 4.9 Bows
 - Level 1.7 Dodging
 + Level 3.2 Stealth


You had 3 spell levels left.
You didn't know any spells.
Your spell library contained the following spells:

 Spells                   Type           Power      Damage    Failure   Level
 Sting                    Tmut/Pois      0%         1d3       36%         1
 Ensorcelled Hibernation  Hex/Ice        0%         N/A       52%         2
 Poisonous Vapours        Pois/Air       0%         N/A       52%         2
 Ignite Poison            Fire/Tmut/Pois 0%         N/A       75%         3
 Mephitic Cloud           Conj/Pois/Air  0%         N/A       75%         3
 Spider Form              Tmut/Pois      0%         N/A       75%         3
 Olgreb's Toxic Radiance  Pois           0%         N/A       98%         4
 Freezing Cloud           Conj/Ice/Air   0%         6-21      100%        5


Dungeon Overview and Level Annotations

Branches:
Dungeon (4/15)
 Temple: D:4-7

Altars:
Xom

Shops:
D:3 ?

Annotations:
D:3 Edmund
D:4 Dowan, Duvessa


Innate Abilities, Weirdness & Mutations

You are partially covered in thin metallic scales. (AC +2)


Message History

Edmund is lightly wounded.
You shoot an arrow. The arrow closely misses the kobold.
The arrow hits Edmund.
Edmund is lightly wounded.
The kobold completely misses you.
You shoot an arrow. The arrow hits the kobold!
You kill the kobold!
The kobold throws a stone.
The stone hits you but does no damage.
You shoot an arrow. The arrow closely misses Edmund.
Edmund hits you with a +2 flail of protection.
Edmund asks, "Have you met my wondrous brother?"
Your +2 mace of venom begins to drip with poison!
b - a +2 mace of venom (weapon)
You hit Edmund but do no damage.
Edmund is poisoned.
Edmund is lightly wounded.
Edmund closely misses you.
You see here a +0 robe.
You hit Edmund but do no damage.
Edmund is moderately wounded.
Edmund completely misses you. Edmund closely misses you.
You barely miss Edmund.
Edmund is moderately wounded.
Edmund hits you with a +2 flail of protection!
Edmund looks more healthy.
The kobold throws a stone.
The stone hits you but does no damage.
The kobold throws a stone.
The stone closely misses you.
The kobold throws a stone.
The stone hits you but does no damage.
The kobold throws a stone.
The stone closely misses you.
There is a stone staircase leading up here.
Edmund hits you with a +2 flail of protection.
You climb upwards.
There is a stone staircase leading down here.
You barely miss Edmund.
Edmund is moderately wounded.
Edmund hits you with a +2 flail of protection!
You hit Edmund.
Edmund is poisoned.
Edmund is heavily wounded.
Edmund hits you with a +2 flail of protection.
* * * LOW HITPOINT WARNING * * *
Edmund hits you with a +2 flail of protection!
You die...

##....###.......## #..##..#
##...#.##.........####...#.<##
#.......+.........+...........
###...####.........####...#..##
#....## ##.......## #..##<.#
#.#### ##.....## #......## #.#
##...## ###.....# #.# ##'##
#.....# #.# #@####### #.....#
#.# #@#.....# #.....# #.#
###.#.....# #.....# #.#
#.........# ###.###
#.##########.........######.#
#...........................#
##############.##############
###


You could see Edmund (very poisoned).

Vanquished Creatures
  A hound (D:3)
  A howler monkey skeleton (D:4)
  3 adders
  A dart slug (D:2)
  7 ball pythons
  8 endoplasms
  2 giant cockroaches (D:2)
  7 goblins
  6 hobgoblins
  4 jackals (D:2)
  9 kobolds
  3 quokkas
  5 bats
  4 frilled lizards
  2 rats (D:1)
63 creatures vanquished.

Notes
Turn   | Place    | Note
-------+----------+-------------------------------------------
     0 | D:1      | YayAnonymity the Demonspawn Hunter began the quest for the
                  | Orb.
     0 | D:1      | Reached XP level 1. HP: 16/16 MP: 1/1
    82 | D:1      | Found a faded altar of an unknown god.
    89 | D:1      | Reached skill level 1 in Stealth
   144 | D:1      | Gained mutation: You are partially covered in thin metallic
                  | scales. (AC +2) [demonic ancestry]
   144 | D:1      | Reached XP level 2. HP: 18/22 MP: 2/2
   145 | D:1      | Reached skill level 4 in Bows
  1432 | D:2      | Reached XP level 3. HP: 27/27 MP: 3/3
  1499 | D:2      | Noticed an ogre
  2394 | D:2      | Reached XP level 4. HP: 23/33 MP: 4/4
  2890 | D:1      | Found a faded altar of an unknown god.
  4101 | D:3      | Found Issa Nyo's Magic Scroll Shop.
  4798 | D:4      | Found a shimmering altar of Xom.
  4869 | D:4      | Noticed Duvessa
  4869 | D:4      | Noticed Dowan
  5125 | D:4      | Noticed Edmund
  5176 | D:3      | Slain by Edmund

Illustrated notes

Levels and vault maps discovered:
D:1:      dpeg_arrival_houses_and_road, layout_loops_ring, serial_rivers,
          chequers_serial_rivers_large_a, chequers_serial_rivers_large_b,
          chequers_serial_rivers_small_3, chequers_serial_rivers_small_3,
          chequers_serial_rivers_small_b, chequers_serial_rivers_room_a,
          hellmonk_ecumenical_altar_run_dry, minmay_indecisive_spiral
D:2:      layout_basic
D:3:      layout_loops_corners, serial_shops, nicolae_square_shop
D:4:      layout_cave_pods, xom_teletrap_fun, uniq_edmund, uniq_duvessa

Skill      XL: |  1  2  3  4 |
---------------+-------------+-----
Stealth        | 1 2 3 |  3.2
Bows           | 4 |  4.9
Fighting       | |  2.0
Dodging        | |  1.7

Action                   |  1- 3 |  4- 6 || total
-------------------------+-------+-------++-------
Melee: Mace              |     5 |    30 ||    35
 Fire: Shortbow          |    99 |    51 ||   150
  Use: Scroll            |       |     5 ||     5
 Stab: Sleeping          |       |     1 ||     1
Armor: Leather armour    |    11 |    15 ||    26
Dodge: Dodged            |    27 |    31 ||    58

Table legend: (Time is in decaauts)
 A = Elapsed time spent in this place.
 B = Non-inter-level travel time spent in this place.
 C = Inter-level travel time spent in this place.
 D = Time resting spent in this place.
 E = Time spent auto-exploring this place.
 F = Levels seen in this place.
 G = Mean time per level.
                   A        B        C        D        E       F      G
               +--------+--------+--------+--------+--------+-----+--------+
         Total |   5253 |   5008 |    245 |    381 |   3592 |   4 | 1313.2 |
       Dungeon |   5253 |   5008 |    245 |    381 |   3592 |   4 | 1313.2 |
               +--------+--------+--------+--------+--------+-----+--------+

Top non-repeatable levels by time:
     D:1: 1840 daAuts
     D:2: 1577 daAuts
     D:3: 1310 daAuts
     D:4: 524 daAuts
